 Dungeon Crawl Stone Soup version 0.31-a0-1603-gbec6b6ccbf (webtiles) character file.

Game seed: 2160653767354601605

34723 jasper the Fighter (level 13, -4/137 HPs)
             Began as a Troll Cinder Acolyte on Jan 7, 2024.
             Was an Initiate of Ignis.
             Slain by Erolcha
             ... wielding a +0 giant club
              (40 damage)
             ... on level 2 of the Orcish Mines.
             The game lasted 00:20:46 (12910 turns).

jasper the Fighter (Troll Cinder Acolyte)          Turns: 12910, Time: 00:20:46

Health: -4/137     AC:  4    Str: 25    XL:     13   Next: 43%
Magic:  13/13      EV: 12    Int: 10    God:    Ignis [......]
Gold:   1582       SH:  0    Dex:  9    Spells: 8/14 levels left

rFire   + +          .
                       - Unarmed
rCold   . . .        (no shield)
rNeg    . . .        B - melded quicksilver dragon scales "Etiap" {rElec rPois rF- Will+ Regen+}
rPois   .            (helmet restricted)
rElec   .            I - +1 cloak {Will+}
rCorr   .            (gloves unavailable)
SInv    .            (boots unavailable)
Will    +....        r - amulet of regeneration
Stlth   +            y - ring of flight
HPRegen 2.02/turn    C - ring of protection from fire
MPRegen 0.13/turn

%: no passive effects
@: about to teleport, maw-form, flying, studying Fighting
A: devouring maw, large, unfitting armour, claws 3, regeneration 1, shaggy fur
1, tough skin 1
a: Begin Untransformation, Renounce Religion


You were on level 2 of the Orcish Mines.
You worshipped Ignis.
Ignis was noncommittal.
You were a creature with a mouth for a stomach.
You visited 3 branches of the dungeon, and saw 17 of its levels.
You also visited: Bailey.

You collected 1690 gold pieces.
You spent 108 gold pieces at shops.

Inventory:

Hand Weapons
 A - a +0 halberd
Missiles
 c - 9 large rocks
 g - 151 stones
 n - 49 poisoned darts
 q - 8 boomerangs (quivered)
 M - 6 javelins
Armour
 a - a +0 robe
 i - a +1 cloak
 B - the quicksilver dragon scales "Etiap" (melded) {rElec rPois rF- Will+ Regen+}
   (You took it off a spriggan in a bailey)

   rF-:       It makes you vulnerable to fire.
   rElec:     It insulates you from electricity.
   rPois:     It protects you from poison Will+: It increases your willpower.
   Regen+:    It increases your rate of health regeneration.
 I - a +1 cloak of willpower (worn)
Jewellery
 r - an amulet of regeneration (around neck)
 y - a ring of flight (left claw)
 C - a ring of protection from fire (right claw)
Talismans
 G - a blade talisman
 J - a maw talisman (active)
Wands
 o - a wand of flame (10)
 u - a wand of mindburst (16)
 H - a wand of paralysis (3)
 L - a wand of roots (2)
Scrolls
 e - 4 scrolls of amnesia
 l - 2 scrolls of fear
 s - 4 scrolls of enchant armour
 t - 7 scrolls of teleportation
 x - a scroll of butterflies
 z - a scroll of poison
 D - 3 scrolls of vulnerability
 K - 2 scrolls of fog
Potions
 b - 2 potions of cancellation
 d - 4 potions of invisibility
 f - 3 potions of berserk rage
 h - 4 potions of mutation
 j - 8 potions of curing
 m - 5 potions of lignification
 p - 2 potions of ambrosia
 v - 3 potions of haste
 w - 2 potions of resistance
 E - 2 potions of might
 F - a potion of magic


   Skills:
 + Level 11.2 Fighting
 + Level 10.6 Dodging
 * Level 10.9 Unarmed Combat
 - Level 1.0 Spellcasting
 - Level 2.1 Fire Magic
 + Level 10.8 Shapeshifting


You had 8 spell levels left.
You knew the following spells:

 Your Spells              Type           Power      Damage    Failure   Level
a - Blink                 Tloc           0%         N/A       45%         2
b - Manifold Assault      Tloc           0%         N/A       98%         4

Your spell library contained the following spells:

 Spells                   Type           Power      Damage    Failure   Level
 Scorch                   Fire           8%         2d5       22%         2
 Apportation              Tloc           0%         N/A       34%         1
 Kiss of Death            Conj/Necr      0%         2d5       34%         1
 Necrotise                Necr           0%         1d4       34%         1
 Sting                    Conj/Alch      0%         1d3       34%         1
 Summon Small Mammal      Summ           0%         N/A       34%         1
 Cigotuvi's Dreadful Rot  Necr/Alch/Air  0%         N/A       45%         2
 Lesser Beckoning         Tloc           0%         N/A       45%         2
 Mercury Vapours          Alch/Air       0%         N/A       45%         2
 Momentum Strike          Conj/Tloc      0%         3d8       45%         2
 Confusing Touch          Hex            0%         N/A       71%         3
 Fugue of the Fallen      Necr           0%         N/A       71%         3
 Gell's Gravitas          Tloc           0%         N/A       71%         3
 Mephitic Cloud           Conj/Alch/Air  0%         N/A       71%         3
 Ozocubu's Armour         Ice            0%         N/A       71%         3
 Teleport Other           Tloc           0%         N/A       71%         3
 Dispel Undead            Necr           0%         3d6       98%         4
 Martyr's Knell           Necr/Summ      0%         N/A       98%         4
 Freezing Cloud           Conj/Ice/Air   0%         6-21      100%        5
 Death Channel            Necr           0%         N/A       100%        6


Dungeon Overview and Level Annotations

Branches:
Dungeon (12/15)            Temple (0/1) D:7            Lair (3/5) D:11
 Shoals (0/4) Lair:2       Spider (0/4) Lair:2          Orc (2/2) D:12
    Elf (0/3) Orc:2        Bailey (visited)

Altars:
Dithmenos
Fedhas
Kikubaaqudgha
Vehumet

Shops:
D:8 !   D:12 :

Annotations:
D:5 2 transporters, Curundu's ghost, novice TrBe
Orc:1 2 transporters
Orc:2 Erolcha


Innate Abilities, Weirdness & Mutations

You are a creature with a mouth for a stomach.
Your midsection houses a second, enormous mouth.
You are too large for most types of armour.
You have claws for hands.
Your natural rate of healing is unusually fast.
You are covered in fur. (AC +1)
You have tough skin. (AC +1)


Message History

You scratch something. You claw something. You bite something!
Something hits you!!!
* * * LOW HITPOINT WARNING * * *
You hear a shout! x2
You take 41 damage, and have 32/137 hp.
MASSIVE DAMAGE!!
You closely miss something. Your bite misses something.
You feel much better. Something hits you!!
You hear some strange, mumbled words.
A puff of flame appears from out of thin air!
The puff of flame misses you.
An orc sorcerer comes into view.
It is wielding a +0 dagger and wearing a +2 robe of positive energy.
You regained 16 hp, and now have 49/137 hp.
You feel much better. Something hits you!
You hear some strange, mumbled words.
Something tries to affect you, but you resist.
You regained 11 hp, and now have 60/137 hp.
You closely miss something. You bite something.
You regained 2 hp, and now have 62/137 hp.
You barely miss something. Something hits you but does no damage.
Something hits you!
You take 12 damage, and have 50/137 hp.
You closely miss something. You bite something!
The orc sorcerer gestures wildly while chanting.
Something hits you but does no damage.
You regained 2 hp, and now have 52/137 hp.
You mangle something!!
Reactivating autopickup.
You feel a bit more experienced. Something hits you!!
* * * LOW HITPOINT WARNING * * *
Deactivating autopickup; reactivate with Ctrl-A.
An orc comes into view. It is wielding a +0 sling.
You take 21 damage, and have 31/137 hp.
You mangle the orc!!
You devour the orc!
You feel better.
You kill the orc!
The orc complains loudly.
The orc throws a stone.
The stone closely misses you.
You regained 3 hp, and now have 34/137 hp.
As you read the scroll of teleportation, it crumbles to dust.
You feel strangely unstable. Something hits you!!!
You die...

.... #..... .....###....
.....#...$. .## .......... ...
#........### .... #........##o...
#..$...#.4.. #....#o#{.#
##..###W..# ###... ##..# ##
##.##. #...###### ##.####...###
##....o.... .#
....#.#.....###........#. .#
.............#.........## .##
........##..............###..##
.8...)))##..###'#.............#+#
....##).#..##.))##..#))..........


You could see an orange demon (summoned), an orc sorcerer and 2 orcs.

Vanquished Creatures
  Rupert (D:12)
  Snorg (D:12)
  The ghost of xnavy the Fighter, a journeyman DrCA of Ignis (D:10)
  Fannar (D:12)
  2 hydras
  A catoblepas (Lair:1)
  A boulder beetle (D:11)
  A death yak (Lair:3)
  3 two-headed ogres
  Urug (Orc:1)
  Nergalle (D:11)
  Pikel (D:9)
  An orc knight (D:12)
  An orc sorcerer (Orc:2)
  A deep elf pyromancer (D:12)
  An ugly thing (D:12)
  A wolf spider zombie (D:10)
  A spectral centaur (D:10)
  Maurice (D:9)
  A centaur zombie (D:10)
  2 kobold blastminers (Orc:2)
  A water nymph (Lair:2)
  5 cane toads
  2 unseen horrors
  2 gargoyles
  2 rime drakes
  A kobold demonologist (D:12)
  Maggie (D:9)
  6 komodo dragons
  3 trolls
  2 blink frogs (Lair:1)
  Sigmund (D:2)
  2 slime creatures (D:12)
  A centaur simulacrum (D:10)
  2 spriggans (Bailey)
  2 culicivoras (Lair:2)
  4 wargs
  A wyvern (Lair:1)
  2 wraiths
  2 steam dragons
  Grum (D:11)
  2 basilisks
  18 yaks
  7 vampire mosquitoes
  2 acid dragons (D:9)
  7 water moccasins
  2 meliai simulacra (D:10)
  An ice beast (D:5)
  18 orc warriors
  A black bear (D:8)
  12 ogres
  7 wolves
  3 centaurs
  A phantom (D:7)
  A lemure (D:9)
  6 kobold brigands
  8 bullfrogs
  3 scorpions
  6 wights (D:9)
  3 killer bees (D:8)
  3 howler monkeys
  3 hounds
  A jelly (D:6)
  3 gnoll boudas
  15 orc priests
  Crazy Yiuf (D:2)
  A sleepcap (D:6)
  Terence (D:2)
  24 orc wizards
  Natasha (twice) (D:3)
  3 iguanas
  Robin (D:2)
  15 gnolls
  7 adders
  A white imp (D:8)
  10 ufetubi
  5 ribbon worms
  A dart slug (D:1)
  68 orcs
  4 bats
  An endoplasm (D:1)
  3 giant cockroaches
  9 hobgoblins
  4 jackals
  5 quokkas
  11 ball pythons
  A frilled lizard (D:3)
  13 goblins
  19 kobolds
  2 rats (D:1)
413 creatures vanquished.

Notes
Turn   | Place    | Note
-------+----------+-------------------------------------------
     0 | D:1      | jasper the Troll Cinder Acolyte began the quest for the
                  | Orb.
     0 | D:1      | Reached XP level 1. HP: 22/22 MP: 1/1
   191 | D:1      | Found a faded altar of an unknown god.
   240 | D:1      | Reached XP level 2. HP: 29/29 MP: 2/2
   823 | D:2      | Noticed Sigmund
   841 | D:2      | Killed Sigmund
   842 | D:2      | Reached XP level 3. HP: 25/36 MP: 3/3
   842 | D:2      | Reached XP level 4. HP: 31/44 MP: 4/4
   842 | D:2      | Reached XP level 5. HP: 35/50 MP: 5/5
   872 | D:2      | Noticed Terence
   879 | D:2      | Killed Terence
   935 | D:2      | Learned a level 2 spell: Blink
   940 | D:2      | Learned a level 4 spell: Manifold Assault
   976 | D:2      | Noticed Robin
   988 | D:2      | Killed Robin
  1113 | D:2      | Found a runed translucent door.
  1114 | D:2      | Noticed Crazy Yiuf
  1124 | D:2      | Killed Crazy Yiuf
  1125 | D:2      | Reached XP level 6. HP: 41/59 MP: 6/6
  1615 | D:3      | Noticed Natasha
  1619 | D:3      | Killed Natasha
  1663 | D:3      | Noticed Natasha
  1670 | D:3      | Killed Natasha
  1698 | D:3      | Found an ancient bone altar of Kikubaaqudgha.
  2316 | D:4      | Reached XP level 7. HP: 65/66 MP: 7/7
  3007 | D:5      | Entered Level 5 of the Dungeon
  3283 | D:5      | Reached XP level 8. HP: 52/74 MP: 8/8
  3419 | D:5      | Found a transporter.
  3430 | D:5      | Identified the +4 scale mail "Suigauni" {*Corrode rElec
                  | rPois rN+}
  3441 | D:5      | Noticed Curundu's ghost (novice TrBe)
  3462 | D:5      | Reached skill level 10 in Unarmed Combat
  3464 | D:5      | Reached skill level 3 in Fighting
  3501 | D:5      | Found a transporter.
  3935 | D:6      | Reached skill level 4 in Fighting
  4027 | D:6      | Found a blossoming altar of Fedhas.
  4042 | D:6      | Reached skill level 5 in Fighting
  4447 | D:7      | Reached skill level 6 in Fighting
  4449 | D:7      | Reached XP level 9. HP: 88/92 MP: 9/9
  4455 | D:7      | Reached skill level 7 in Fighting
  4542 | D:7      | Found a staircase to the Ecumenical Temple.
  4673 | D:7      | Found a radiant altar of Vehumet.
  4800 | D:7      | Reached skill level 8 in Fighting
  5170 | D:8      | Found Qeresh's Distillery.
  5191 | D:8      | Bought a potion of curing for 36 gold pieces
  5191 | D:8      | Bought a potion of curing for 36 gold pieces
  5191 | D:8      | Bought a potion of lignification for 36 gold pieces
  5316 | D:8      | Reached skill level 9 in Fighting
  5545 | D:8      | Noticed a two-headed ogre
  5555 | D:8      | Killed a two-headed ogre
  5556 | D:8      | Reached XP level 10. HP: 61/109 MP: 10/10
  5913 | D:9      | Found a flagged portal.
  5924 | Bailey   | Entered a bailey
  6007 | Bailey   | Reached skill level 10 in Fighting
  6034 | Bailey   | Reached skill level 1 in Dodging
  6129 | Bailey   | Identified the quicksilver dragon scales "Etiap" {rElec
                  | rPois rF- Will+ Regen+}
  6130 | Bailey   | Noticed a two-headed ogre
  6148 | Bailey   | Killed a two-headed ogre
  6305 | D:9      | Noticed Pikel
  6314 | D:9      | Killed Pikel
  6315 | D:9      | Reached skill level 5 in Dodging
  6328 | D:9      | Noticed Maggie
  6336 | D:9      | Killed Maggie
  6697 | D:9      | Noticed Maurice
  6703 | D:9      | Maurice stole 459 gold
  6716 | D:9      | Something stole 5 boomerangs
  6717 | D:9      | Something stole a blade talisman
  6718 | D:9      | Something stole a +0 halberd
  6734 | D:9      | Reached XP level 11. HP: 83/104 MP: 8/11
  6749 | D:9      | Killed Maurice
  7150 | D:10     | Entered Level 10 of the Dungeon
  7477 | D:10     | Found a shadowy altar of Dithmenos.
  7630 | D:10     | Identified the -1 helmet of Protective Custody {Rampage
                  | rElec Int+6 Dex+2}
  7836 | D:10     | Found a runed translucent gate.
  7836 | D:10     | Found a runed translucent gate.
  7836 | D:10     | Found a runed translucent gate.
  7841 | D:10     | Noticed xnavy's ghost (journeyman DrCA)
  7870 | D:10     | Killed xnavy's ghost
  8160 | D:11     | Noticed Grum
  8179 | D:11     | Killed Grum
  8185 | D:11     | Reached skill level 10 in Dodging
  8236 | D:11     | Noticed Nergalle
  8245 | D:11     | Killed Nergalle
  8254 | D:11     | Noticed a boulder beetle
  8288 | D:11     | Killed a boulder beetle
  8659 | D:11     | Found a staircase to the Lair.
  8741 | D:12     | Noticed Fannar
  8756 | D:12     | Killed Fannar
  8821 | Lair:1   | Entered Level 1 of the Lair of Beasts
  8874 | Lair:1   | Noticed a catoblepas
  8890 | Lair:1   | Killed a catoblepas
  8891 | Lair:1   | Reached skill level 5 in Shapeshifting
  8891 | Lair:1   | Reached XP level 12. HP: 103/126 MP: 12/12
  9840 | Lair:2   | Noticed a five-headed hydra
  9851 | Lair:2   | Killed a six-headed hydra
  9926 | Lair:2   | Found a hole to the Spider Nest.
 10487 | Lair:3   | Noticed an eight-headed hydra
 10488 | Lair:3   | Noticed a death yak
 10498 | Lair:3   | Killed an 11-headed hydra
 10507 | Lair:3   | Noticed a death yak
 10507 | Lair:3   | Noticed a death yak
 10507 | Lair:3   | Noticed a death yak
 10508 | Lair:3   | Noticed a death yak
 10509 | Lair:3   | Noticed a death yak
 10531 | Lair:3   | Killed a death yak
 10532 | Lair:3   | Reached skill level 10 in Shapeshifting
 10858 | D:12     | Found a staircase to the Orcish Mines.
 11080 | D:12     | Noticed Snorg
 11120 | D:12     | Killed Snorg
 11121 | D:12     | Reached XP level 13. HP: 81/134 MP: 13/13
 11236 | D:12     | Identified a scroll of acquirement
 11277 | D:12     | Acquired a manual of Fighting
 11411 | D:12     | Found Reonau Igol's Vocational Training.
 11558 | D:12     | Noticed Rupert
 11564 | D:12     | Paralysed by Rupert for 3 turns
 11575 | D:12     | Killed Rupert
 11804 | Orc:1    | Entered Level 1 of the Orcish Mines
 12081 | Orc:1    | Found a transporter.
 12207 | Orc:1    | Reached skill level 11 in Fighting
 12222 | Orc:1    | Noticed Urug
 12229 | Orc:1    | Killed Urug
 12270 | Orc:1    | Found a transporter.
 12270 | Orc:1    | Noticed a stone giant
 12321 | Orc:1    | Identified the +0 leather armour "Folinkyduy" {rN+ Str+3}
 12426 | Orc:2    | Entered Level 2 of the Orcish Mines
 12426 | Orc:2    | Found a staircase to the Elven Halls.
 12886 | Orc:2    | Noticed Erolcha
 12910 | Orc:2    | Slain by Erolcha

Illustrated notes

Levels and vault maps discovered:
D:1:      saegor_arrival_simple_d, layout_loops_ring,
          shapermc_ecumenical_altar_mp_ritualfount
D:2:      layout_rooms, uniq_robin, uniq_sigmund, uniq_terence,
          uniq_crazy_yiuf_cottage
D:3:      layout_basic, lemuel_coloured_pillars_altar, uniq_natasha
D:4:      layout_basic, minmay_quantized
D:5:      layout_loops_cross, gammafunk_ghost_gnarly_gnolls
D:6:      layout_gridville, lemuel_doored_altar, grunt_ministairs_7
D:7:      layout_basic, fiery_altar_vehumet,
          minmay_temple_entry_statues_pillars, kennysheep_nondescript
D:8:      layout_gridville, serial_shops, nicolae_diamond_shop
D:9:      layout_long_grid, enter_bailey_2, kennysheep_generic_room_7,
          uniq_pikel, uniq_maurice, uniq_maggie
D:10:     layout_basic, grunt_dithmenos_smoke_and_mirrors,
          gammafunk_ghost_necromancy, minmay_misc_feat_tower,
          minmay_statues_item
D:11:     layout_basic, lair_entry_dummy, uniq_grum, uniq_nergalle
D:12:     layout_roguey, erik_orc_3, nicolae_shop_vocational, uniq_rupert,
          uniq_snorg, uniq_fannar
Lair:1:   layout_gridlike, lemuel_fruit_fields, infiniplex_staircase_pool_2
Lair:2:   layout_long_grid, nicolae_shoals_entry_flooding,
          spider_nest_entry_funnel_web
Lair:3:   layout_misc_corridors
Orc:1:    gammafunk_beogh_shrine, layout_caves, uniq_urug
Orc:2:    grunt_orc_community_town_hall, layout_diamond_mine,
          grunt_orc_community_big_house_1, grunt_orc_community_big_house_1,
          grunt_orc_community_house_1, grunt_orc_community_house_3,
          grunt_orc_community_house_2, grunt_orc_community_house_2,
          grunt_orc_community_house_3, portal_ice_cave_entry_ice_simulacra,
          blackcustard_rock_pile, uniq_erolcha

Skill      XL: |  1  2  3  4  5  6  7  8  9 10 11 12 13 |
---------------+----------------------------------------+-----
Unarmed Combat | 6 8 9 10 | 10.9
Fighting       | 6 9 10 11 | 11.2
Dodging        | 7 10 | 10.6
Shapeshifting  | 5 10 | 10.8
Spellcasting   | |  1.0
Fire Magic     | |  2.1

Action                     |  1- 3 |  4- 6 |  7- 9 | 10-12 | 13-15 || total
---------------------------+-------+-------+-------+-------+-------++-------
  Melee: Unarmed           |    75 |    69 |   287 |   618 |   218 ||  1267
         Punch             |       |     1 |     9 |    42 |    11 ||    63
         Maw               |       |       |       |    30 |    57 ||    87
  Throw: Boomerang         |       |       |     5 |     1 |       ||     6
 Invoke: Fiery Armour      |       |     1 |     3 |     8 |     1 ||    13
         Rising Flame      |       |       |       |     1 |       ||     1
  Evoke: Wand              |       |       |       |    11 |       ||    11
    Use: Scroll            |       |     9 |    12 |     6 |     3 ||    30
         Potion            |       |       |       |     1 |     2 ||     3
   Stab: Petrified         |       |       |       |     3 |       ||     3
 Armour: Robe              |    36 |    64 |   260 |    40 |       ||   400
         Quicksilver drago |       |       |       |   513 |       ||   513
         Skin              |       |       |       |    50 |   159 ||   209
  Dodge: Dodged            |    35 |    28 |   163 |   310 |    85 ||   621
   Form: Maw               |       |       |       |     1 |       ||     1

Table legend: (Time is in decaauts)
 A = Elapsed time spent in this place.
 B = Non-inter-level travel time spent in this place.
 C = Inter-level travel time spent in this place.
 D = Time resting spent in this place.
 E = Time spent auto-exploring this place.
 F = Levels seen in this place.
 G = Mean time per level.
                   A        B        C        D        E       F      G
               +--------+--------+--------+--------+--------+-----+--------+
         Total |  12686 |  12049 |    637 |    452 |   8631 |  18 |  704.8 |
       Dungeon |   9533 |   9021 |    512 |    216 |   6690 |  12 |  794.4 |
          Lair |   1820 |   1724 |     96 |     92 |   1226 |   3 |  606.7 |
  Orcish Mines |    965 |    937 |     28 |      2 |    675 |   2 |  482.5 |
        Bailey |    367 |    367 |      0 |    142 |     40 |   1 |  367.0 |
               +--------+--------+--------+--------+--------+-----+--------+

Top non-repeatable levels by time:
    D:12: 1174 daAuts
  Lair:1: 907 daAuts
    D:11: 873 daAuts
     D:9: 856 daAuts
  Lair:2: 852 daAuts
     D:8: 843 daAuts
     D:6: 820 daAuts
     D:1: 818 daAuts
    D:10: 796 daAuts
     D:4: 776 daAuts
     D:2: 706 daAuts
     D:3: 681 daAuts
     D:7: 601 daAuts
     D:5: 582 daAuts
   Orc:1: 513 daAuts
